 Dungeon Crawl Stone Soup version 0.21.1-1-g345015f (webtiles) character file.

191 tidbits the Charmwright (level 5, 6/64 HPs)
             Began as a Gnoll Skald on June 29, 2018.
             Quit the game on level 6 of the Dungeon.
             The game lasted 00:05:24 (423 turns).

tidbits the Charmwright (Gnoll Skald)                Turns: 423, Time: 00:05:25

Health: 6/64       AC: 22    Str: 13    XL:     5   Next: 70%
Magic:  1/12       EV:  2    Int: 16    God:
Gold:   93         SH:  0    Dex: 15    Spells: 3/14 levels left

rFire    . . .     SeeInvis .     - Unarmed
rCold    . . .     Gourm    .   (no shield)
rNeg     + + +     Faith    .   (armour currently unavailable)
rPois    +         Spirit   .   (helmet currently unavailable)
rElec    .         Reflect  .   (cloak currently unavailable)
rCorr    .         Harm     .   (gloves currently unavailable)
MR       .....     NoTele   +   (boots currently unavailable)
Stlth    ++........             (no amulet)
HPRegen  0.20/turn              (no ring)
MPRegen  0.13/turn              (no ring)

@: seriously poisoned (6 -> 1), tree-form, singing, very slightly contaminated
A: distributed training, strong nose
a: no special abilities


You were on level 6 of the Dungeon.
You were not hungry.
You were a tree.
You visited 1 branch of the dungeon, and saw 6 of its levels.

You collected 93 gold pieces.

Inventory:

Hand Weapons
 a - a +0 hand axe
 j - a +0 trident
 l - a +0 dagger
Missiles
 h - 14 arrows
Armour
 b - a +0 leather armour (melded)
 k - a +0 ring mail
Scrolls
 e - a scroll of remove curse {unknown}
 f - a scroll of noise {unknown}
 i - a scroll of enchant armour {unknown}
 m - a scroll of amnesia {unknown}
 n - a scroll of blinking {unknown}
Books
 c - a book of Battle

   Spells                             Type                      Level
   a - Infusion                       Charms                       1
   b - Shroud of Golubria             Charms/Translocation         2
   c - Song of Slaying                Charms                       2
   d - Spectral Weapon                Hexes/Charms                 3
   e - Regeneration                   Charms/Necromancy            3
Comestibles
 d - a ration


   Skills:
 + Level 4.8 Fighting
 + Level 1.5 Short Blades
 + Level 1.5 Long Blades
 + Level 4.8 Axes
 + Level 1.5 Maces & Flails
 + Level 1.5 Polearms
 + Level 1.5 Staves
 + Level 1.5 Slings
 + Level 1.5 Bows
 + Level 1.5 Crossbows
 + Level 1.5 Throwing
 + Level 3.0 Armour
 + Level 4.8 Dodging
 + Level 1.5 Stealth
 + Level 1.5 Shields
 + Level 1.5 Unarmed Combat
 + Level 5.2 Spellcasting
 + Level 1.2 Conjurations
 + Level 1.2 Hexes
 + Level 5.5 Charms
 + Level 1.2 Summonings
 + Level 1.2 Necromancy
 + Level 1.2 Translocations
 + Level 1.2 Transmutations
 + Level 1.2 Fire Magic
 + Level 1.2 Ice Magic
 + Level 1.2 Air Magic
 + Level 1.2 Earth Magic
 + Level 1.2 Poison Magic
 + Level 1.7 Invocations
 + Level 1.5 Evocations


You had 3 spell levels left.
You knew the following spells:

 Your Spells              Type           Power        Failure   Level  Hunger
g - Shroud of Golubria    Chrm/Tloc      ###.......   5%          2    #......
i - Infusion              Chrm           ###.         1%          1    None
r - Regeneration          Chrm/Necr      ###.......   11%         3    ###....
w - Spectral Weapon       Hex/Chrm       ###.....     11%         3    ###....
y - Song of Slaying       Chrm           ###.....     2%          2    #......


Dungeon Overview and Level Annotations

Branches:
Dungeon (6/15)
 Temple: D:4-7

Altars:
Hepliaklqana
Uskayaw


Innate Abilities, Weirdness & Mutations

Your experience applies equally to all skills.
((You have very sharp teeth.))
Your uncanny sense of smell can sniff out nearby items.


Message History

You start singing a song of slaying.
You hear a shout!
Casting: Song of Slaying
Confirm with . or Enter, or press ? or * to list all spells.
You miscast Spectral Weapon.
You are very lightly contaminated with residual magic.
Nothing appears to happen.
A crimson imp comes into view.
Casting: Spectral Weapon
Confirm with . or Enter, or press ? or * to list all spells.
You don't have enough magic to cast that spell.
You barely miss the worker ant. The worker ant closely misses you.
The crimson imp moves out of view.
You hit the worker ant.
The worker ant is lightly wounded.
You hit the worker ant.
The worker ant is lightly wounded.
You barely miss the worker ant.
The worker ant bites you but does no damage.
The worker ant closely misses you.
Casting: Spectral Weapon
Confirm with . or Enter, or press ? or * to list all spells.
You draw out your weapon's spirit!
The worker ant closely misses you.
Your shroud bends the worker ant's attack away.
You hit the worker ant.
The worker ant is moderately wounded.
You barely miss the worker ant.
Your spectral weapon closely misses the worker ant.
The worker ant bites you.
Your shroud falls apart!
The worker ant bites you.
* * * LOW HITPOINT WARNING * * *
You are poisoned.
The worker ant poisons you! The worker ant barely misses you.
The worker ant bites you.
* * * LOW HITPOINT WARNING * * *
You are more poisoned.
The worker ant poisons you!
You hit the worker ant but do no damage.
The worker ant is moderately wounded.
You closely miss the worker ant.
You feel sick.
Your spectral weapon hits the worker ant.
The worker ant bites you.
* * * LOW HITPOINT WARNING * * *
The worker ant closely misses you.
You hit the worker ant.
The worker ant is severely wounded.
You hit the worker ant.
* * * LOW HITPOINT WARNING * * *
You feel sick.
Your spectral weapon hits the worker ant!
You kill the worker ant!
Your Armour skill increases to level 3!
The worker ant barely misses you.
You hit the worker ant.
The worker ant is heavily wounded.
* * * LOW HITPOINT WARNING * * *
You feel sick.
Your spectral weapon barely misses the worker ant.
The worker ant closely misses you.
You closely miss the worker ant.
The worker ant is heavily wounded.
* * * LOW HITPOINT WARNING * * *
You feel sick.
Your spectral weapon hits the worker ant.
The worker ant closely misses your spectral weapon. x2
You closely miss the worker ant.
You bite the worker ant, but do no damage.
The worker ant is severely wounded.
* * * LOW HITPOINT WARNING * * *
You feel sick.
Your spectral weapon barely misses the worker ant.
The worker ant bites you.
* * * LOW HITPOINT WARNING * * *
You barely miss the worker ant.
The worker ant is severely wounded.
* * * LOW HITPOINT WARNING * * *
You feel sick.
Your spectral weapon hits the worker ant.
You kill the worker ant!
The crimson imp barely misses you.
You closely miss the crimson imp.
* * * LOW HITPOINT WARNING * * *
You feel sick.
Your spectral weapon barely misses the crimson imp.
The crimson imp hits you.
* * * LOW HITPOINT WARNING * * *
It was a potion of lignification.
You turn into a tree.
Your +0 leather armour melds into your body.
Your roots penetrate the ground.
The crimson imp hits you but does no damage.
Unknown command.
Wield which item (- for none, * to show all)? (? for menu, Esc to quit)
Your spectral weapon disappears as you unwield.
You are now empty-handed.
* * * LOW HITPOINT WARNING * * *
You feel sick.
Are you sure you want to abandon this character and quit the game? (Confirm with "yes".)
Okay, then.
Are you sure you want to abandon this character and quit the game? (Confirm with "yes".)

#....# #.... ∆
#...# #...##
#....# #####+#
#.<..# .......
#...##
.......##...##
........5♣...#
........#†...#
.......##...##
##..... #...#
#..... #....#
....... .....#
.#...a. (....#
....##. ..#.##
.#.# ##


You could see a crimson imp.

Vanquished Creatures
  A howler monkey (D:4)
  An orc priest (D:4)
  3 worker ants
  A worm (D:3)
  2 leopard geckos
  11 orcs
  A ball python (D:3)
  3 bats
  A goblin (D:1)
  2 hobgoblins
  8 jackals
  A kobold (D:1)
  A frilled lizard (D:3)
  3 rats
39 creatures vanquished.

Notes
Turn   | Place    | Note
-------+----------+-------------------------------------------
     0 | D:1      | tidbits the Gnoll Skald began the quest for the Orb.
     0 | D:1      | Reached XP level 1. HP: 20/20 MP: 6/6
     9 | D:1      | Noticed an electric eel
    46 | D:1      | Reached XP level 2. HP: 14/26 MP: 1/7
    51 | D:1      | Learned a level 2 spell: Song of Slaying
    54 | D:1      | Learned a level 2 spell: Shroud of Golubria
   221 | D:3      | Reached XP level 3. HP: 19/31 MP: 7/9
   228 | D:3      | Reached skill level 5 in Spellcasting
   239 | D:3      | Learned a level 3 spell: Regeneration
   244 | D:3      | Learned a level 3 spell: Spectral Weapon
   292 | D:3      | Reached skill level 1 in Invocations
   307 | D:4      | Reached skill level 1 in Short Blades
   307 | D:4      | Reached skill level 1 in Long Blades
   307 | D:4      | Reached skill level 1 in Maces & Flails
   307 | D:4      | Reached skill level 1 in Polearms
   307 | D:4      | Reached skill level 1 in Staves
   307 | D:4      | Reached skill level 1 in Slings
   307 | D:4      | Reached skill level 1 in Bows
   307 | D:4      | Reached skill level 1 in Crossbows
   307 | D:4      | Reached skill level 1 in Throwing
   307 | D:4      | Reached skill level 1 in Stealth
   307 | D:4      | Reached skill level 1 in Shields
   307 | D:4      | Reached skill level 1 in Unarmed Combat
   307 | D:4      | Reached skill level 1 in Evocations
   307 | D:4      | Reached XP level 4. HP: 27/38 MP: 1/11
   313 | D:4      | Reached skill level 1 in Conjurations
   313 | D:4      | Reached skill level 1 in Hexes
   313 | D:4      | Reached skill level 1 in Summonings
   313 | D:4      | Reached skill level 1 in Necromancy
   313 | D:4      | Reached skill level 1 in Translocations
   313 | D:4      | Reached skill level 1 in Transmutations
   313 | D:4      | Reached skill level 1 in Fire Magic
   313 | D:4      | Reached skill level 1 in Ice Magic
   313 | D:4      | Reached skill level 1 in Air Magic
   313 | D:4      | Reached skill level 1 in Earth Magic
   313 | D:4      | Reached skill level 1 in Poison Magic
   334 | D:4      | Reached XP level 5. HP: 18/43 MP: 2/12
   356 | D:5      | Entered Level 5 of the Dungeon
   359 | D:5      | Found a hazy altar of Hepliaklqana.
   384 | D:5      | Found a hide-covered altar of Uskayaw.
   415 | D:6      | Reached skill level 3 in Armour
   420 | D:6      | HP: 4/43 [crimson imp (1)]
   423 | D:6      | Quit the game

Skill      XL: |  1  2  3  4  5 |
---------------+----------------+-----
Spellcasting   | 5 |  5.2
Invocations    | 1 |  1.7
Short Blades   | 1 |  1.5
Long Blades    | 1 |  1.5
Maces & Flails | 1 |  1.5
Polearms       | 1 |  1.5
Staves         | 1 |  1.5
Slings         | 1 |  1.5
Bows           | 1 |  1.5
Crossbows      | 1 |  1.5
Throwing       | 1 |  1.5
Stealth        | 1 |  1.5
Shields        | 1 |  1.5
Unarmed Combat | 1 |  1.5
Evocations     | 1 |  1.5
Conjurations   | 1 |  1.2
Hexes          | 1 |  1.2
Summonings     | 1 |  1.2
Necromancy     | 1 |  1.2
Translocations | 1 |  1.2
Transmutations | 1 |  1.2
Fire Magic     | 1 |  1.2
Ice Magic      | 1 |  1.2
Air Magic      | 1 |  1.2
Earth Magic    | 1 |  1.2
Poison Magic   | 1 |  1.2
Armour         | 3 |  3.0
Fighting       | |  4.8
Axes           | |  4.8
Dodging        | |  4.8
Charms         | |  5.5

Action                   |  1- 3 |  4- 6 || total
-------------------------+-------+-------++-------
Melee: Hand axe          |    59 |    33 ||    92
       Bite              |    10 |     5 ||    15
 Cast: Infusion          |     1 |       ||     1
       Song of Slaying   |     3 |     2 ||     5
       Spectral Weapon   |     1 |     2 ||     3
       Regeneration      |     1 |       ||     1
       Shroud of Golubri |       |     1 ||     1
  Use: Potion            |       |     1 ||     1
Armor: Leather armour    |    16 |     5 ||    21
       Skin              |       |     1 ||     1
Dodge: Dodged            |    45 |    30 ||    75

Table legend:
 A = Turns spent in this place as a percentage of turns spent in the entire game.
 B = Non-inter-level travel turns spent in this place as a percentage of non-inter-level travel turns spent in the entire game.
 C = Inter-level travel turns spent in this place as a percentage of turns spent in this place.
 D = Turns resting spent in this place as a percentage of non-inter-level travel turns spent in this place.
 E = Turns spent auto-exploring this place as a percentage of non-inter-level travel turns spent in this place.
 F = Non-inter-level travel turns spent in this place divided by the number of levels of this place that you've seen.
                   A       B       C       D       E      F
               +-------+-------+-------+-------+-------+----------------------
         Total | 100.0 | 100.0 |   0.0 |   0.0 |   0.0 |  70.5
       Dungeon | 100.0 | 100.0 |   0.0 |   0.0 |   0.0 |  70.5
               +-------+-------+-------+-------+-------+----------------------

Table legend:
 A = Kills in this place as a percentage of kills in entire the game.
 B = Kills by you in this place as a percentage of kills by you in the entire game.
 C = Kills by friends in this place as a percentage of kills by friends in the entire game.
 D = Other kills in this place as a percentage of other kills in the entire game.
 E = Experience gained in this place as a percentage of experience gained in the entire game.
 F = Experience gained in this place divided by the number of levels of this place that you have seen.
                   A       B       C       D       E      F
               +-------+-------+-------+-------+-------+----------------------
         Total | 100.0 | 100.0 |   N/A |   N/A | 100.0 |  45.5
       Dungeon | 100.0 | 100.0 |   N/A |   N/A | 100.0 |  45.5
               +-------+-------+-------+-------+-------+----------------------

Vault maps used:
D:1:      arrival_aquarium_a
D:2:      first_ration
D:4:      nicolae_overflow_hidden_temple, minmay_temple_entry_overgrown,
          nicolae_elemental_shop
D:5:      lemuel_crystal_altar, basic_altar, okawaru_metal_pillars_3
D:6:      lightli_temple_of_fire, elyvilon_altar_5, serial_shops,
          nicolae_shop_crystal
